cohdb
Replays
Latest Replays
All Replays
Popular Replays
Top Player Replays
Match Explorer
How It Works
Community
CoH3 Stats
Reddit
Sign in to upload your games and track your stats! →
Sign in with Steam
Match 38745788
Unlisted
Match 38745788
Overview
Messages
Build Orders
End
Construct Barracks
Riflemen Squad
Riflemen Squad
Grenade Package
Riflemen Squad
Air Support Center
Grasshopper Recon Run
M1918 Browning Automatic Rifles
P-47 Dive Bomb
Riflemen Squad
P-47 Strafing Run
Construct Medical Station
Selects Armored Battlegroup
Selects Fast Deploy
Construct Weapon Support Center
Grasshopper Recon Run
Bazooka Squad
M1919 Machine Gun Team
P-47 Strafing Run
Selects Veteran Crews
Grasshopper Recon Run
P-47 Dive Bomb
Construct Tank Depot
Grasshopper Recon Run
P-47 Dive Bomb
Selects Seek and Destroy
Selects UNKNOWN (2160077)
P-47 Strafing Run
M4A3E8 Sherman Easy Eight
Grasshopper Recon Run
M1919 Machine Gun Team
Bazooka Squad
Grasshopper Recon Run
P-47 Dive Bomb
Selects Field Repairs
Selects War Machine
M4A3E8 Sherman Easy Eight
P-47 Strafing Run
P-47 Dive Bomb
M4A3E8 Sherman Easy Eight
Grasshopper Recon Run
M4A3E8 Sherman Easy Eight
Field Repairs
Grasshopper Recon Run
M4A3E8 Sherman Easy Eight
Field Repairs
P-47 Strafing Run
Engineer Squad
Grasshopper Recon Run
M4A3E8 Sherman Easy Eight
P-47 Dive Bomb
Field Repairs
Grasshopper Recon Run
M4(105) Sherman Bulldozer
P-47 Dive Bomb
Grasshopper Recon Run
M18 Hellcat Tank Destroyer
M18 Hellcat Tank Destroyer
P-47 Strafing Run
MrMisrulent
deinhard
incel_incinerat0r
Tenshi
0
0
Comments
sign in to comment!
No comments posted yet!